 Dungeon Crawl Stone Soup version 0.26-a0-651-gb41185065b (webtiles) character file.

Game seed: 17168195317307565632

921 Mesmaeker13 the Magician (level 7, -4/54 HPs)
             Began as a Deep Elf Air Elementalist on Oct 19, 2020.
             Was a Follower of Elyvilon.
             Slain by an ogre
             ... wielding a +0 giant club
              (17 damage)
             ... on level 5 of the Dungeon.
             The game lasted 00:07:48 (4895 turns).

Mesmaeker13 the Magician (DEAE)                     Turns: 4895, Time: 00:07:48

Health: -4/54      AC: 23    Str:  6    XL:     7   Next: 84%
Magic:  1/27       EV:  2    Int: 21    God:    Elyvilon [*.....]
Gold:   118        SH:  0    Dex: 21    Spells: 15/19 levels left

rFire    . . .     SeeInvis .   o - +2 short sword (venom)
rCold    . . .     Faith    .   (no shield)
rNeg     + + +     Spirit   .   (armour currently unavailable)
rPois    +         Reflect  .   (helmet currently unavailable)
rElec    .         Harm     .   (cloak currently unavailable)
rCorr    .         Rampage  .   (gloves currently unavailable)
MR       .....     NoTele   +   (boots currently unavailable)
Stlth    ++........             (no amulet)
HPRegen  0.18/turn              i - ring of magical power
MPRegen  0.20/turn              k - +6 ring of dexterity

@: tree-form
A: no striking features
a: Lesser Healing, Divine Protection, Renounce Religion


You were on level 5 of the Dungeon.
You worshipped Elyvilon.
Elyvilon was aware of your devotion.
You were a tree.
You visited 2 branches of the dungeon, and saw 6 of its levels.

You collected 118 gold pieces.

Inventory:

Hand Weapons
 o - a +2 short sword of venom (weapon)
Missiles
 j - 15 poisoned darts (quivered)
Armour
 b - a +2 robe of positive energy (melded)
 f - a +0 pair of gloves (melded)
 m - a +0 pair of boots (melded)
 q - a +1 leather armour of cold resistance
Jewellery
 i - a ring of magical power (left branch)
 k - a +6 ring of dexterity (right branch)
 u - an uncursed ring of see invisible {unknown}
Scrolls
 c - 2 scrolls of magic mapping
 e - a scroll of fog
 p - 2 scrolls of noise
 r - 2 scrolls of remove curse
 s - a scroll of amnesia {unknown}
Potions
 a - a potion of degeneration {unknown}
 d - a potion of curing
 g - a potion of flight {unknown}
 h - a potion of heal wounds {unknown}
 n - a potion of lignification
 t - a potion of berserk rage {unknown}


   Skills:
 + Level 5.8 Dodging
 - Level 2.4 Stealth
 + Level 6.5 Spellcasting
 + Level 4.9 Conjurations
 + Level 5.3 Air Magic


You had 15 spell levels left.
You knew the following spells:

 Your Spells              Type           Power        Failure   Level
a - Shock                 Conj/Air       ####         1%          1
b - Static Discharge      Conj/Air       ####....     3%          3

Your spell library contained the following spells:

 Spells                   Type           Power        Failure   Level
 Swiftness                Air            ####....     1%          2
 Airstrike                Air            ####......   10%         4
 Lightning Bolt           Conj/Air       ####......   30%         5


Dungeon Overview and Level Annotations

Branches:
Dungeon (5/15)             Temple (1/1) D:4

Altars:
Ashenzari
Cheibriados
Dithmenos
Elyvilon
Gozag
Hepliaklqana
Kikubaaqudgha
Nemelex Xobeh
Okawaru
Qazlal
Sif Muna
Trog
Uskayaw
Wu Jian
Xom
Yredelemnul
The Shining One


Message History

You kill the adder!
You are struck by an arc of lightning.
* * * LOW HITPOINT WARNING * * *
The lightning grounds out.
The hound barely misses you.
You hear some strange, mumbled words.
Something tries to affect you, but you resist.
The hound bites you.
* * * LOW HITPOINT WARNING * * *
The hound bites you but does no damage.
Unknown command.
Casting: Static Discharge (dangerous; 3% risk of failure)
Confirm with . or Enter, or press ? or * to list all spells.
You don't have enough magic to cast that spell.
Unknown command.
You completely miss the hound.
The hound is almost dead.
You kill the hound!
The hound bites you but does no damage. Something hits you but does no damage.
The hound bites you but does no damage. The ogre hits you with a +0 giant club!
You die...

#. .. ..
#######. #...#..
#..... ###...###
#....h♣Z#...
#...#.{.O)......
## #...........
...##.....((.
##..#......((.
#......#.o...
##....###....
##.... ...# ..


You could see an ogre, a hound, an orc and a bullfrog zombie.

Vanquished Creatures
  Menkaure (D:4)
  2 ogres (D:4)
  A centaur (D:5)
  A howler monkey (D:5)
  5 orc priests
  An orc wizard (D:5)
  A centaur skeleton (D:5)
  3 hounds
  A bullfrog skeleton (D:4)
  A worker ant (D:4)
  A gnoll (D:1)
  9 adders
  2 leopard geckos
  10 orcs
  6 bats
  3 giant cockroaches
  8 goblins
  9 hobgoblins
  4 jackals (D:1)
  3 ball pythons
  A frilled lizard (D:5)
  A jackal zombie (D:4)
  9 kobolds
  4 rats
87 creatures vanquished.

Notes
Turn   | Place    | Note
-------+----------+-------------------------------------------
     0 | D:1      | Mesmaeker13 the Deep Elf Air Elementalist began the quest
                  | for the Orb.
     0 | D:1      | Reached XP level 1. HP: 10/10 MP: 6/6
   448 | D:1      | Reached XP level 2. HP: 15/15 MP: 6/8
  1153 | D:1      | Reached XP level 3. HP: 5/19 MP: 5/10
  1615 | D:2      | Learned a level 3 spell: Static Discharge
  1622 | D:2      | Found a faded altar of an unknown god.
  2192 | D:3      | Reached skill level 4 in Spellcasting
  2192 | D:3      | Reached XP level 4. HP: 3/24 MP: 8/12
  2626 | D:3      | You fall into a shaft and drop 1 floor!
  2631 | D:4      | Noticed an ogre
  2642 | D:4      | Killed an ogre
  2642 | D:4      | Reached XP level 5. HP: 16/28 MP: 13/13
  2759 | D:4      | Noticed an ogre
  2765 | D:4      | Killed an ogre
  2765 | D:4      | Reached skill level 5 in Spellcasting
  2765 | D:4      | Reached XP level 6. HP: 31/32 MP: 15/15
  3037 | D:4      | Found a staircase to the Ecumenical Temple.
  3047 | Temple   | Entered the Ecumenical Temple
  3289 | D:4      | Found a white marble altar of Elyvilon.
  3289 | D:4      | Found a glowing golden altar of the Shining One.
  3293 | D:4      | Became a worshipper of Elyvilon the Healer
  3357 | D:4      | Noticed Menkaure
  3377 | D:4      | Killed Menkaure
  3558 | D:4      | Reached skill level 5 in Dodging
  3558 | D:4      | Reached XP level 7. HP: 36/36 MP: 17/17
  4183 | D:3      | Found a shimmering blue altar of Sif Muna.
  4187 | D:3      | Reached * piety under Elyvilon
  4840 | D:5      | Entered Level 5 of the Dungeon
  4844 | D:5      | Reached skill level 6 in Spellcasting
  4844 | D:5      | Reached skill level 5 in Air Magic
  4895 | D:5      | Slain by an ogre

Illustrated notes

Levels and vault maps discovered:
D:1:      sevenhm_arrival_forest_fort_small_5, layout_basic,
          minmay_misc_feat_doors, minmay_door_square
D:2:      layout_basic, chequers_ecumenical_altar_island,
          minmay_misc_feat_more_columns
D:3:      layout_loops_corners, overflow_temple_1_default
D:4:      layout_loops_ring, gammafunk_temple_overflow_wave,
          minmay_temple_entry_glass, uniq_menkaure
D:5:      layout_cave_pools, serial_shops, nicolae_shop_trees
Temple:   eino_temple_water

Skill      XL: |  1  2  3  4  5  6  7 |
---------------+----------------------+-----
Dodging        | 3 4 5 |  5.8
Conjurations   | 2 3 4 |  4.9
Spellcasting   | 4 5 6 |  6.5
Air Magic      | 4 5 |  5.3
Stealth        | |  2.4

Action                   |  1- 3 |  4- 6 |  7- 9 || total
-------------------------+-------+-------+-------++-------
Melee: Short sword       |       |       |    22 ||    22
Throw: Dart              |       |     3 |     4 ||     7
 Cast: Shock             |    82 |    54 |    56 ||   192
       Static Discharge  |       |     3 |     8 ||    11
  Use: Scroll            |     4 |     4 |     1 ||     9
       Potion            |       |       |     6 ||     6
Armor: Robe              |     5 |     3 |     4 ||    12
       Skin              |       |       |    74 ||    74
Dodge: Dodged            |    15 |     6 |    18 ||    39

Table legend: (Time is in decaauts)
 A = Elapsed time spent in this place.
 B = Non-inter-level travel time spent in this place.
 C = Inter-level travel time spent in this place.
 D = Time resting spent in this place.
 E = Time spent auto-exploring this place.
 F = Levels seen in this place.
 G = Mean time per level.
                   A        B        C        D        E       F      G
               +--------+--------+--------+--------+--------+-----+--------+
         Total |   4900 |   4815 |     85 |   1273 |   2963 |   6 |  816.7 |
       Dungeon |   4675 |   4604 |     71 |   1273 |   2754 |   5 |  935.0 |
        Temple |    224 |    210 |     14 |      0 |    209 |   1 |  224.0 |
               +--------+--------+--------+--------+--------+-----+--------+

Top non-repeatable levels by time:
     D:1: 1578 daAuts
     D:4: 1172 daAuts
     D:3: 1030 daAuts
     D:2: 836 daAuts
  Temple: 224 daAuts
     D:5: 56 daAuts
